 Dungeon Crawl Stone Soup version 0.31-a0-1499-ge0622b2318 (webtiles) character file.

Game seed: 13956293596907191700

4888 demibob the Carver (level 10, -3/70 HPs)
             Began as a Demonspawn Berserker on Dec 30, 2023.
             Was a Priest of Trog.
             Killed from afar by an efreet (33 damage)
             ... with a fireball
             ... on level 9 of the Dungeon.
             The game lasted 00:10:44 (8659 turns).

demibob the Carver (Demonspawn Berserker)           Turns: 8659, Time: 00:10:44

Health: -3/70      AC:  5    Str: 19    XL:     10   Next: 26%
Magic:  10/10      EV: 15    Int:  8    God:    Trog [***...]
Gold:   412        SH:  5    Dex: 15    Spells: 9/9 levels left

rFire   . . .        a - +1 falchion (heavy)
rCold   . . .        (no shield)
rNeg    . . .        b - +0 animal skin
rPois   .            k - +1 helmet
rElec   .            (no cloak)
rCorr   .            p - +0 pair of gloves
SInv    .            (no boots)
Will    ++...        r - amulet of reflection
Stlth   +            (no ring)
HPRegen 1.31/turn    (no ring)
MPRegen 0.12/turn

%: reflection
@: strong-willed, on berserk cooldown, regenerating, slowed, very slow
A: repulsion field 2, demonic guardian 1, powered by pain 2, weakness stinger 2
a: Renounce Religion, Berserk, Trog's Hand


You were on level 9 of the Dungeon.
You worshipped Trog.
Trog was most pleased with you.
You visited 1 branch of the dungeon, and saw 9 of its levels.

You collected 412 gold pieces.


Innate Abilities, Weirdness & Mutations

You are surrounded by a moderate repulsion field. (EV +3)
A weak demonic guardian rushes to your aid.
You sometimes gain power by taking damage.
You have a tail ending in a sharp stinger.


   Skills:
 - Level 3.0 Fighting
 * Level 12.2 Long Blades
 + Level 4.4 Armour
 - Level 1.7 Dodging
 - Level 6.3 Evocations


You had 9 spell levels left.
You didn't know any spells.
Your spell library was empty.

Inventory:

Hand Weapons
 a - a +1 heavy falchion (weapon)
Armour
 b - a +0 animal skin (worn)
 k - a +1 helmet (worn)
 p - a +0 pair of gloves (worn)
Jewellery
 r - an amulet of reflection (around neck)
 F - a ring of fire
Wands
 d - a wand of mindburst (2)
 l - a wand of light (7)
Scrolls
 i - 6 scrolls of teleportation {@r2}
 o - 2 scrolls of enchant weapon
 q - a scroll of blinking
Potions
 c - a potion of curing {@q1}
 e - 4 potions of mutation
 f - 3 potions of might
 g - 2 potions of resistance
 h - a potion of haste {@q3}
 j - a potion of cancellation {unknown}
 n - a potion of invisibility {unknown}

Dungeon Overview and Level Annotations

Branches:
Dungeon (9/15)             Temple (0/1) D:7
   Lair: D:8-11         Orc: D:9-12

Altars:
Ashenzari
Kikubaaqudgha
Okawaru
Yredelemnul

Shops:
D:2 [   D:3 [   D:4 :

Annotations:
D:8 1 runed translucent door, RepHenryClay's ghost, novice DsFi

.
#........##....'..........
#.........#....#..........
#.........#....#..........
#.........#....#..........
#.........#....#..........
#.........#....#..........
.........>...#..........
.............#..........
#####..@▒▒▒.............
.......▒R°▒▒▒...####'###
....... ....▒▒▒........#
....... ......▒▒▒......#
....... ....... ▒▒▒.....
....... .......g ▒▒▒...
....... ......... ▒▒▒.
....... ......▒▒g▒ ▒▒ ▒/
▒▒


You could see an efreet.


Message History

You feel yourself slow down.
You slash the wraith!
The wraith is moderately damaged.
The wraith hits you. The wraith drains your vigour!
You feel as though you will be slow longer.
You slash the wraith!
The wraith is heavily damaged.
The wraith closely misses you.
You slash the wraith!
You destroy the wraith!
Trog accepts your kill.
No target in view!
You feel a strong urge to attack something.
Unknown command.
You slice the efreet!!
The efreet is heavily wounded.
You are no longer berserk.
You are exhausted.
You feel as though you will be slow longer.
The efreet gestures at you. The bolt of fire hits you!
You hit the efreet. You tail-slap the efreet.
The efreet is severely wounded.
The efreet hits you with a +4 scimitar of flaming!!
* * * LOW HITPOINT WARNING * * *
The efreet burns you.
* * * LOW HITPOINT WARNING * * *
The efreet gestures at you.
The fireball explodes!
The fireball engulfs you!!
You die...

Skill      XL: |  1  2  3  4  5  6  7  8  9 10 |
---------------+-------------------------------+-----
Long Blades    | 3 4 6 7 8 10 11 12 | 12.2
Evocations     | 1 3 5 6 |  6.3
Armour         | 3 4 |  4.4
Fighting       | |  3.0
Dodging        | |  1.7

Action                     |  1- 3 |  4- 6 |  7- 9 | 10-12 || total
---------------------------+-------+-------+-------+-------++-------
  Melee: Falchion          |   162 |   129 |   261 |    42 ||   594
         Tailslap          |    13 |    19 |    31 |     6 ||    69
         Punch             |     2 |     1 |     6 |       ||     9
 Invoke: Berserk           |     1 |     4 |    12 |     2 ||    19
         Trog's Hand       |       |       |       |     1 ||     1
  Evoke: Wand              |       |       |     9 |     4 ||    13
    Use: Scroll            |     6 |     5 |    11 |     2 ||    24
         Potion            |       |     1 |     2 |     2 ||     5
   Stab: Sleeping          |     1 |       |     2 |       ||     3
         Distracted        |       |       |     2 |       ||     2
         Invisible         |       |       |     2 |       ||     2
 Armour: Animal skin       |    91 |    68 |   195 |    31 ||   385
  Dodge: Dodged            |   135 |   111 |   246 |    28 ||   520
  Block: Other             |       |       |     2 |    12 ||    14
         Reflection        |       |       |       |     1 ||     1

Levels and vault maps discovered:
D:1:      wander_arrival_estate, layout_rooms, serial_park_tiny_2
D:2:      layout_rooms, serial_shops, nicolae_shop_drivethru,
          minmay_box_of_dots, uniq_sigmund
D:3:      layout_loops_ring, minitemple, serial_shops, nicolae_shop_peninsula,
          minmay_divided_ellipse
D:4:      layout_basic, serial_glass, glass_columns_a, glass_columns_a,
          nicolae_custom_books, uniq_robin, uniq_duvessa, uniq_ijyb
D:5:      layout_basic, mainiacjoe_overflow_catwalk
D:6:      layout_loops_ring, minmay_joined_circles, uniq_grinder
D:7:      layout_gridville, minmay_temple_entry_gardened_gates
D:8:      layout_loops_corners, ebering_ghost_funeral_grove,
          kennysheep_generic_room_9
D:9:      minmay_the_grid_triangle_9x9_recursive_2_mashed
          [minmay_the_grid_triangle_9x9_prize_insulated,
          minmay_the_grid_triangle_9x9_intruding_spiral,
          minmay_the_grid_triangle_9x9_empty,
          minmay_the_grid_triangle_9x9_corruption], layout_stronghold,
          mainiacjoe_overflow_six_doors_small, st_stairs_4, fountainhead,
          uniq_gastronok

Notes
Turn   | Place    | Note
-------+----------+-------------------------------------------
     0 | D:1      | demibob the Demonspawn Berserker began the quest for the
                  | Orb.
     0 | D:1      | Reached XP level 1. HP: 18/18 MP: 1/1
    82 | D:1      | Reached skill level 3 in Long Blades
    97 | D:1      | Gained mutation: You have a small tail. [demonic ancestry]
    97 | D:1      | Reached XP level 2. HP: 24/24 MP: 2/2
   391 | D:1      | Gained mutation: You sometimes gain a little power by
                  | taking damage. [demonic ancestry]
   391 | D:1      | Reached XP level 3. HP: 24/29 MP: 3/3
   398 | D:1      | Reached ** piety under Trog
   583 | D:2      | Reached skill level 4 in Long Blades
   816 | D:2      | Gained mutation: A weak demonic guardian rushes to your
                  | aid. [demonic ancestry]
   816 | D:2      | Reached XP level 4. HP: 33/35 MP: 4/4
   981 | D:2      | Found a transporter.
   985 | D:2      | Found Cikkis's Armour Shop.
  1010 | D:2      | Noticed Sigmund
  1025 | D:2      | Killed Sigmund
  1026 | D:2      | Reached skill level 6 in Long Blades
  1026 | D:2      | Gained mutation: You are surrounded by a mild repulsion
                  | field. (EV +2) [demonic ancestry]
  1026 | D:2      | Reached XP level 5. HP: 32/41 MP: 5/5
  1112 | D:2      | Found a transporter.
  1321 | D:3      | Identified a potion of resistance
  1372 | D:3      | Found Heujypsi's Armour Emporium.
  1378 | D:3      | Gained mutation: You have a tail ending in a sharp stinger.
                  | [demonic ancestry]
  1378 | D:3      | Reached XP level 6. HP: 47/47 MP: 6/6
  1487 | D:3      | Reached *** piety under Trog
  1555 | D:3      | Found an ancient bone altar of Kikubaaqudgha.
  1562 | D:3      | Found a basalt altar of Yredelemnul.
  1565 | D:3      | Found a broken altar of Ashenzari.
  2509 | D:4      | Noticed Ijyb
  2523 | D:4      | Killed Ijyb
  2573 | D:4      | Reached skill level 7 in Long Blades
  2784 | D:4      | Reached skill level 1 in Evocations
  2784 | D:4      | Reached XP level 7. HP: 52/52 MP: 7/7
  2822 | D:4      | Found Qegacuc's Self-Published Books.
  2835 | D:4      | Noticed Robin
  3196 | D:4      | Noticed Duvessa
  3196 | D:4      | Noticed Dowan
  3207 | D:4      | Killed Duvessa
  3211 | D:4      | Killed Dowan
  3212 | D:4      | Reached skill level 2 in Evocations
  3675 | D:4      | Killed Robin
  3782 | D:5      | Entered Level 5 of the Dungeon
  3901 | D:5      | Found an iron altar of Okawaru.
  3918 | D:5      | Reached skill level 8 in Long Blades
  4118 | D:5      | Reached skill level 3 in Evocations
  4244 | D:5      | Gained mutation: You are surrounded by a moderate repulsion
                  | field. (EV +3) [demonic ancestry]
  4244 | D:5      | Reached XP level 8. HP: 52/58 MP: 8/8
  4780 | D:6      | Noticed Grinder
  4787 | D:6      | Killed Grinder
  4788 | D:6      | Reached skill level 9 in Long Blades
  4788 | D:6      | Reached skill level 4 in Evocations
  5474 | D:6      | Reached skill level 5 in Evocations
  5632 | D:6      | Reached skill level 10 in Long Blades
  5632 | D:6      | Gained mutation: You sometimes gain power by taking damage.
                  | [demonic ancestry]
  5632 | D:6      | Reached XP level 9. HP: 42/63 MP: 9/9
  5917 | D:6      | Noticed a two-headed ogre
  5929 | D:6      | Killed a two-headed ogre
  5930 | D:6      | Reached skill level 6 in Evocations
  6093 | D:7      | Reached skill level 2 in Armour
  6270 | D:7      | Reached skill level 11 in Long Blades
  6782 | D:7      | Found a staircase to the Ecumenical Temple.
  7219 | D:8      | Reached skill level 3 in Armour
  7944 | D:8      | Found a runed translucent door.
  7947 | D:8      | Noticed RepHenryClay's ghost (novice DsFi)
  7947 | D:8      | Identified the +2 trident "Jiuzet" {antimagic, Will+}
  8111 | D:9      | Reached XP level 10. HP: 52/70 MP: 10/10
  8253 | D:9      | Reached skill level 12 in Long Blades
  8253 | D:9      | Reached skill level 4 in Armour
  8511 | D:9      | Noticed a centaur warrior
  8659 | D:9      | Killed from afar by an efreet

Vanquished Creatures
  A two-headed ogre (D:6)
  Grinder (D:6)
  Sigmund (D:2)
  A wraith (D:9)
  2 wyverns
  4 yaks (D:9)
  A basilisk (D:9)
  A water moccasin (D:7)
  Duvessa (D:4)
  2 orc warriors
  2 black bears
  2 ogres
  3 centaurs
  A kobold brigand (D:8)
  4 bullfrogs (D:6)
  2 gnoll sergeants (D:9)
  3 wights (D:7)
  Dowan (D:4)
  4 howler monkeys
  An electric eel (D:9)
  3 bombardier beetles
  A gnoll bouda (D:8)
  2 jellies
  2 orc priests (D:6)
  4 hounds
  4 iguanas
  2 orc wizards (D:8)
  Ijyb (D:4)
  A sleepcap (D:5)
  Robin (D:4)
  13 gnolls
  11 adders
  2 ribbon worms
  A white imp (D:5)
  An ufetubus (D:6)
  3 dart slugs
  8 orcs
  7 bats
  3 endoplasms
  6 giant cockroaches
  18 goblins
  7 hobgoblins
  7 jackals
  3 quokkas
  6 ball pythons
  4 frilled lizards
  12 kobolds
  6 rats
177 creatures vanquished.

Vanquished Creatures (collateral kills)
  A sleepcap (D:3)
  A gnoll (D:9)
  An adder (D:3)
  A ribbon worm (D:3)
  A jackal (D:3)
  2 kobolds (D:8)
7 creatures vanquished.

Grand Total: 184 creatures vanquished

Table legend: (Time is in decaauts)
 A = Elapsed time spent in this place.
 B = Non-inter-level travel time spent in this place.
 C = Inter-level travel time spent in this place.
 D = Time resting spent in this place.
 E = Time spent auto-exploring this place.
 F = Levels seen in this place.
 G = Mean time per level.
                   A        B        C        D        E       F      G
               +--------+--------+--------+--------+--------+-----+--------+
         Total |   8897 |   8637 |    260 |    336 |   7012 |   9 |  988.6 |
       Dungeon |   8897 |   8637 |    260 |    336 |   7012 |   9 |  988.6 |
               +--------+--------+--------+--------+--------+-----+--------+

Top non-repeatable levels by time:
     D:6: 1390 daAuts
     D:4: 1356 daAuts
     D:3: 1162 daAuts
     D:7: 1046 daAuts
     D:5: 1000 daAuts
     D:8: 996 daAuts
     D:2: 773 daAuts
     D:9: 592 daAuts
     D:1: 578 daAuts

Table legend:
 A = Non-vault XP
 B = Vault XP
 C = Vault XP percentage of total XP
 D = Non-vault monster count
 E = Vault monster count
 F = Vault count percentage of total count
                 A         B        C        D         E       F
            +---------+---------+-------+---------+---------+-------
      Total |    4817 |    2167 |  31.0 |     142 |      42 |  22.8
            +---------+---------+-------+---------+---------+-------
        D:1 |      49 |       0 |   0.0 |      28 |       0 |   0.0
        D:2 |      82 |     243 |  74.8 |      21 |       3 |  12.5
        D:3 |      45 |     153 |  77.3 |      15 |      13 |  46.4
        D:4 |     165 |     283 |  63.2 |       8 |      14 |  63.6
        D:5 |     588 |       0 |   0.0 |      11 |       0 |   0.0
        D:6 |    1541 |     891 |  36.6 |      15 |       9 |  37.5
        D:7 |     676 |       0 |   0.0 |      10 |       0 |   0.0
        D:8 |     544 |     196 |  26.5 |      19 |       1 |   5.0
        D:9 |    1127 |     401 |  26.2 |      15 |       2 |  11.8
            +---------+---------+-------+---------+---------+-------
